 Dungeon Crawl Stone Soup version 0.25-a0-665-ga69d64035b (webtiles) character file.

Game seed: 17360565357546499883, levelgen mode: deterministic

16675 Flugkiller the Nimble (level 12, 0/84 HPs)
             Began as an Octopode Wizard on Mar 25, 2020.
             Was a Believer of Uskayaw.
             Slain by a fire bat (7 damage)
             ... on level 4 of the Lair of Beasts on Mar 26, 2020.
             The game lasted 00:31:20 (17739 turns).

Flugkiller the Nimble (Octopode Wizard)            Turns: 17739, Time: 00:31:21

Health: 0/84       AC:  3    Str:  7    XL:     12   Next: 40%
Magic:  22/22      EV: 18    Int: 24    God:    Uskayaw [**....]
Gold:   943        SH:  0    Dex: 11    Spells: 13/25 levels left

rFire    . . .     SeeInvis +   c - +7 whip of the Firefly {flame, rPois}
rCold    . . .     Gourm    .   (no shield)
rNeg     . . .     Faith    .   a - +2 hat
rPois    +         Spirit   .   C - amulet of regeneration
rElec    .         Reflect  .   d - ring of poison resistance
rCorr    .         Harm     .   g - ring of see invisible
MR       +....                  o - ring of wizardry
Stlth    +++.......             J - ring of protection from magic
HPRegen  0.64/turn              (no ring)
MPRegen  0.18/turn              (no ring)
                                (no ring)
                                (no ring)

@: no status effects
A: almost no armour, stealthy swim, amphibious, 8 rings, constrict 8, camouflage
1, gelatinous body 1
a: Stomp, Line Pass, Renounce Religion


You were on level 4 of the Lair of Beasts.
You worshipped Uskayaw.
Uskayaw was noncommittal.
You were hungry.

You visited 3 branches of the dungeon, and saw 14 of its levels.
You also visited: Ice Cave.

You collected 943 gold pieces.

Inventory:

Hand Weapons
 c - the +7 whip of the Firefly (weapon) {flame, rPois}
   (You found it on level 6 of the Dungeon)

   It has been specially enchanted to burn those struck by it, causing extra
   injury to most foes and up to half again as much damage against particularly
   susceptible opponents.
   It protects you from poison.
 h - a +2 dagger of venom
   (You took it off a kobold on level 1 of the Dungeon)
 F - a +1 scimitar of flaming
   (You took it off Erica on level 2 of the Lair of Beasts)
Armour
 a - a +2 hat (worn)
Magical Staves
 y - an uncursed staff of cold
   (You found it on level 8 of the Dungeon)
Jewellery
 d - a ring of poison resistance (left tentacle)
   (You found it on level 2 of the Dungeon)
 g - a ring of see invisible (right tentacle)
   (You found it on level 6 of the Dungeon)
 o - a ring of wizardry (on tentacle)
   (You found it on level 8 of the Dungeon)
 w - an uncursed ring of ice
   (You found it in an ice cave)
 C - an amulet of regeneration (around mantle)
   (You found it on level 9 of the Dungeon)
 J - a ring of protection from magic (on tentacle)
   (You found it on level 3 of the Lair of Beasts)
Wands
 i - a wand of paralysis (2)
   (You found it on level 8 of the Dungeon)
 l - a wand of polymorph (10)
   (You found it on level 2 of the Dungeon)
 v - a wand of scattershot (4)
   (You found it on level 8 of the Dungeon)
 x - a wand of flame (17)
   (You found it on level 5 of the Dungeon)
Scrolls
 b - 6 scrolls of remove curse
 e - a scroll of fog
 f - 10 scrolls of teleportation
 k - 3 scrolls of fear
 m - 2 scrolls of magic mapping
 s - 3 scrolls of amnesia
 t - a scroll of immolation
 B - 2 scrolls of enchant weapon
 D - 2 scrolls of enchant armour
 E - a scroll of torment
 I - a scroll of blinking
Potions
 j - 2 potions of mutation
 n - 3 potions of might
 p - 6 potions of curing
 r - a potion of cancellation
 u - 2 potions of stabbing
 z - 2 potions of magic
 G - a potion of haste
 H - a potion of brilliance
 K - a potion of ambrosia
 L - a potion of invisibility {unknown}
Comestibles
 q - 24 rations


   Skills:
 + Level 8.7 Fighting
 - Level 6.0 Maces & Flails
 - Level 11.0 Dodging
 - Level 2.6 Stealth
 - Level 7.0 Spellcasting
 - Level 7.0 Conjurations
 - Level 1.0 Summonings
 + Level 2.7 Necromancy
 - Level 1.0 Translocations
 - Level 7.0 Invocations
 - Level 5.0 Evocations


You had 13 spell levels left.
You knew the following spells:

 Your Spells              Type           Power        Failure   Level  Hunger
a - Magic Dart            Conj           ####         1%          1    None
b - Call Imp              Summ           ##......     2%          2    None
c - Conjure Flame         Conj/Fire      ####....     1%          3    None
d - Mephitic Cloud        Conj/Pois/Air  ###.....     3%          3    None
e - Animate Skeleton      Necr           N/A          1%          1    None
r - Blink                 Tloc           N/A          2%          2    None

Your spell library contained the following spells:

 Spells                   Type           Power        Failure   Level  Hunger
 Pain                     Necr           ###.         1%          1    None
 Vampiric Draining        Necr           ###.......   2%          3    None
 Slow                     Hex            #.......     4%          2    None
 Animate Dead             Necr           N/A          10%         4    ###....
 Agony                    Necr           ###.....     26%         5    #####..


Dungeon Overview and Level Annotations

Branches:
Dungeon (9/15)             Temple (1/1) D:4            Lair (4/6) D:9
 Shoals (0/4) Lair:2        IceCv (visited)
  Snake: Lair:2-4    Spider: Lair:2-4       Orc: D:9-12

Altars:
Cheibriados
Dithmenos
Fedhas
Kikubaaqudgha
Makhleb
Okawaru
Qazlal
Ru
Sif Muna
Trog
Uskayaw
Wu Jian
Zin

Annotations:
D:2 Sigmund
D:5 2 transporters
Lair:2 exclusion: orange crystal statue


Innate Abilities, Weirdness & Mutations

You cannot wear most types of armour.
You are very stealthy in the water. (Stealth+)
You are amphibious.
You can wear up to eight rings at the same time.
You can use your tentacles to constrict eight enemies at once.
Your skin changes colour to match your surroundings (Stealth+).
Your rubbery body absorbs attacks. (AC +1, EV +1)


Message History

No target in view!
You hear the brisk rumble of an avalanche of rocks.
You see here a water moccasin corpse.
There is a stone staircase leading down here.
You see here a robe.
Found 6 gold pieces.
A fire bat comes into view. 2 fire bats come into view.
The fire bat bites you.
You are engulfed in flames.
You whack the fire bat! You grab the fire bat. You squeeze the fire bat.
The fire bat is severely wounded.
You constrict the fire bat. The fire bat closely misses you.
The fire bat struggles to escape constriction.
You release your grip on the fire bat.
The fire bat closely misses you. The fire bat bites you.
You are engulfed in flames!
You whack the fire bat!
You kill the fire bat!
The fire bat misses you.
You can now pass through a line of other dancers.
You whack the fire bat! Your grab misses the fire bat.
Your squeeze misses the fire bat.
The fire bat is moderately wounded.
The fire bat bites you but does no damage.
The fire bat misses you. The fire bat closely misses you.
The fire bat bites you.
You are engulfed in flames!
The fire bat bites you.
You are engulfed in flames.
The fire bat closely misses you. The fire bat bites you.
You are engulfed in flames!
* * * LOW HITPOINT WARNING * * *
The fire bat closely misses you. The fire bat bites you.
* * * LOW HITPOINT WARNING * * *
You are engulfed in flames!
* * * LOW HITPOINT WARNING * * *
You hit the fire bat. Your grab misses the fire bat.
The fire bat is heavily wounded.
The fire bat bites you.
* * * LOW HITPOINT WARNING * * *
You are engulfed in flames!
* * * LOW HITPOINT WARNING * * *
The fire bat bites you.
* * * LOW HITPOINT WARNING * * *
You are engulfed in flames!
* * * LOW HITPOINT WARNING * * *
The fire bat misses you. The fire bat bites you.
* * * LOW HITPOINT WARNING * * *
You are engulfed in flames!
You die...

..........Y###### #<......#.P
.........§## #..........
..........## ###..##.#≈P
......§....# ##...P#.#P≈♣
.......÷..## #.......# ≈≈
...F.......# ## #..###..##
.........### #.###..###...#
.........## #...#..###.##
....?....P#### #@#....###.#
.......#.##..###b##....##.# #....
.............##..###...#..##.....
......[......##.$b.#......P......
............##.....##[...........
............##.....##......P.....
........######.....###..#.....###
........#.# #....... #..##....##
..........###........#....P...P#


You could see 2 fire bats.

Vanquished Creatures
  Erolcha (D:9)
  A hydra (Lair:2)
  Erica (Lair:2)
  Pikel (D:8)
  An ugly thing (IceCv)
  2 spiny frogs
  3 komodo dragons
  A rime drake (D:8)
  A merfolk (Lair:2)
  A polar bear (Lair:1)
  5 blink frogs
  6 hippogriffs
  A spriggan (D:8)
  14 yaks
  2 wyverns (D:9)
  A fire bat (Lair:4)
  A hungry ghost (D:8)
  Duvessa (D:5)
  7 water moccasins
  13 porcupines
  8 ice beasts
  2 slaves (D:8)
  A black bear (D:8)
  3 sky beasts
  A necrophage (D:5)
  4 phantoms
  5 ogres
  3 wolves (Lair:3)
  5 centaurs
  9 crocodiles
  6 bullfrogs
  Dowan (D:5)
  4 scorpions
  A water moccasin skeleton (D:8)
  10 killer bees
  2 howler monkeys
  8 crimson imps
  A quasit (D:8)
  A bullfrog zombie (D:9)
  A centaur zombie (D:6)
  2 hounds
  5 orc wizards
  A bullfrog skeleton (D:8)
  2 orc priests
  4 iguanas
  8 worker ants
  2 killer bee zombies
  A hound skeleton (D:6)
  4 gnolls (D:5)
  7 adders
  4 shadow imps
  An ooze (D:5)
  An adder skeleton (D:9)
  2 worms
  2 dart slugs
  6 leopard geckos
  24 orcs
  4 giant cockroaches
  4 goblins
  4 hobgoblins (D:1)
  12 jackals
  2 quokkas
  2 ball pythons
  8 bats
  4 frilled lizards
  5 kobolds
  A quokka skeleton (D:4)
  9 rats
  A fungus (D:7)
  A toadstool (D:7)
273 creatures vanquished.

Vanquished Creatures (collateral kills)
  A yak (Lair:1)
  A sky beast (D:6)
  2 ogres
  A worm (D:2)
  A hobgoblin (D:2)
6 creatures vanquished.

Vanquished Creatures (others)
  A slave (D:8)
  A hound skeleton (D:8)
  An adder (D:8)
  2 fungi (D:7)
  10 plants
  3 toadstools (D:7)
18 creatures vanquished.

Grand Total: 297 creatures vanquished

Notes
Turn   | Place    | Note
-------+----------+-------------------------------------------
     0 | D:1      | Flugkiller the Octopode Wizard began the quest for the Orb.
     0 | D:1      | Reached XP level 1. HP: 11/11 MP: 4/4
   276 | D:1      | Reached XP level 2. HP: 17/17 MP: 4/6
   829 | D:2      | Reached skill level 1 in Fighting
   833 | D:2      | Learned a level 2 spell: Call Imp
   928 | D:2      | Noticed Sigmund
  1475 | D:2      | Reached XP level 3. HP: 23/23 MP: 7/7
  1495 | D:2      | Found a burning altar of Makhleb.
  2757 | D:3      | Reached XP level 4. HP: 28/28 MP: 9/9
  2851 | D:3      | Found a faded altar of an unknown god.
  2906 | D:3      | Found an iron altar of Okawaru.
  2983 | D:3      | Found a sacrificial altar of Ru.
  2984 | D:3      | Found a blossoming altar of Fedhas.
  2984 | D:3      | Found a shadowy altar of Dithmenos.
  2984 | D:3      | Found a bloodstained altar of Trog.
  2991 | D:3      | Found an ornate altar of the Wu Jian Council.
  2995 | D:3      | Found a snail-covered altar of Cheibriados.
  3283 | D:4      | Reached XP level 5. HP: 25/33 MP: 10/10
  3380 | D:4      | Noticed an ogre
  3402 | D:4      | Killed an ogre
  3584 | D:4      | Reached XP level 6. HP: 38/38 MP: 6/12
  4129 | D:4      | Reached skill level 5 in Spellcasting
  4151 | D:4      | Reached skill level 5 in Conjurations
  4476 | D:4      | Reached XP level 7. HP: 43/43 MP: 9/14
  4516 | D:4      | Found a staircase to the Ecumenical Temple.
  4534 | Temple   | Entered the Ecumenical Temple
  4541 | Temple   | Became a worshipper of Uskayaw the Reveler
  4703 | D:5      | Entered Level 5 of the Dungeon
  4706 | D:5      | Reached * piety under Uskayaw
  4709 | D:5      | Reached skill level 1 in Invocations
  4858 | D:5      | Found a transporter.
  5047 | D:5      | Learned a level 3 spell: Conjure Flame
  5051 | D:5      | Learned a level 3 spell: Mephitic Cloud
  5054 | D:5      | Learned a level 2 spell: Blink
  5082 | D:5      | Reached ** piety under Uskayaw
  5103 | D:5      | Reached *** piety under Uskayaw
  5155 | D:5      | Found a transporter.
  5372 | D:5      | Reached XP level 8. HP: 37/47 MP: 1/16
  5466 | D:5      | Noticed Duvessa
  5601 | D:5      | Noticed Dowan
  5780 | D:5      | Killed Duvessa
  5786 | D:5      | Killed Dowan
  6561 | D:6      | Got a smoking whip
  6701 | D:6      | Identified the +7 whip of the Firefly {flame, rPois} (You
                  | found it on level 6 of the Dungeon)
  7075 | D:6      | Reached skill level 1 in Maces & Flails
  7242 | D:6      | Reached XP level 9. HP: 50/53 MP: 19/19
  7575 | D:7      | Reached skill level 3 in Dodging
  7697 | D:7      | Found a snail-covered altar of Cheibriados.
  8502 | D:7      | Reached **** piety under Uskayaw
  8505 | D:7      | Reached ***** piety under Uskayaw
  8515 | D:7      | Reached skill level 5 in Invocations
  8710 | D:7      | Reached skill level 4 in Dodging
  8956 | D:7      | Identified the +1 leather armour of the Loofah {rF+ Dex+3}
  9248 | D:7      | Found a glowing silver altar of Zin.
  9743 | D:8      | Reached skill level 5 in Dodging
  9750 | D:8      | Reached skill level 5 in Fighting
  9859 | D:8      | Noticed Pikel
 10020 | D:8      | Noticed Maurice
 10045 | D:8      | Paralysed by Maurice for 7 turns
 10057 | D:8      | Noticed Maurice
 10057 | D:8      | Maurice changed into Maurice the rime drake
 10067 | D:8      | Killed Maurice the rime drake
 10067 | D:8      | Reached skill level 6 in Dodging
 10067 | D:8      | Reached XP level 10. HP: 35/66 MP: 20/20
 10073 | D:8      | Killed Pikel
 10679 | D:8      | Found a stormy altar of Qazlal.
 10896 | D:8      | Reached skill level 5 in Evocations
 11368 | D:9      | Found a shadowy altar of Dithmenos.
 11425 | D:9      | Reached skill level 7 in Dodging
 12217 | D:9      | Found a staircase to the Lair.
 12231 | D:9      | Reached skill level 8 in Dodging
 12598 | D:9      | Noticed Erolcha
 12632 | D:9      | Killed Erolcha
 12632 | D:9      | Reached XP level 11. HP: 42/75 MP: 8/21
 12962 | Lair:1   | Entered Level 1 of the Lair of Beasts
 13191 | Lair:1   | You fall into a shaft and drop 1 floor!
 13212 | Lair:2   | Reached skill level 9 in Dodging
 13381 | Lair:2   | Noticed Erica
 13416 | Lair:2   | Killed Erica
 13686 | Lair:2   | Reached skill level 10 in Dodging
 13886 | Lair:2   | Noticed a five-headed hydra
 13908 | Lair:2   | Killed a five-headed hydra
 14335 | Lair:2   | Found a staircase to the Shoals.
 14389 | Lair:2   | Reached skill level 11 in Dodging
 15259 | Lair:1   | Upgraded the game from 0.25-a0-663-gace7076f2c to
                  | 0.25-a0-665-ga69d64035b
 15454 | Lair:1   | Reached XP level 12. HP: 40/82 MP: 16/22
 16059 | Lair:3   | Found a frozen archway.
 16068 | IceCv    | Entered an ice cave
 16112 | IceCv    | Reached skill level 5 in Maces & Flails
 16629 | Lair:3   | Learned a level 1 spell: Animate Skeleton
 16829 | Lair:3   | Reached skill level 1 in Necromancy
 17347 | Lair:4   | Noticed a catoblepas
 17739 | Lair:4   | Slain by a fire bat

Levels and vault maps discovered:
D:1:      roderic_octagonal_star, layout_basic, minmay_cut_off
D:2:      layout_basic, nicolae_overflow_hidden_temple, marbit_many_paths,
          serial_rivers, chequers_serial_rivers_micro_d,
          chequers_serial_rivers_large_a, chequers_serial_rivers_small_3,
          chequers_serial_rivers_micro_d, chequers_serial_rivers_room_a,
          uniq_sigmund
D:3:      layout_basic, minmay_overflow_temple_hex, lemuel_crystal_altar,
          chequers_ecumenical_altar_simple_redux
D:4:      layout_loops_cross, minmay_temple_entry_gardened_gates,
          kennysheep_generic_room_11
D:5:      gammafunk_cloud_chamber, layout_loops_ring, first_ration, uniq_duvessa
D:6:      layout_cave_pools, nicolae_zen_rock_garden,
          chequers_serial_rivers_micro_e
D:7:      layout_loops_ring, kennysheep_little_box, basic_altar,
          minmay_gold_behind_fungi
D:8:      minmay_octagon_keep, layout_gridville, the_bakery,
          nicolae_qazlal_style_of_elements, uniq_pikel, uniq_maurice
D:9:      layout_small_grid, david_lair_shrubbed, basic_altar, uniq_erolcha
Temple:   nicolae_temple_hex_pool
Lair:1:   layout_misc_corridors, beast_lair_carwin_1
Lair:2:   statuecave_lemuel, layout_cave_pods, elwin_shoals_entry_rooms,
          patterned_corridor, uniq_erica
Lair:3:   layout_loops_ring, portal_ice_cave_entry_pillars_1,
          lemuel_old_faithful
Lair:4:   layout_gridlike, guppyfry_snake_entry_garden,
          nicolae_volcano_entry_batcave

Skill      XL: |  1  2  3  4  5  6  7  8  9 10 11 12 |
---------------+-------------------------------------+-----
Conjurations   | 2 3 4 5 7 |  7.0
Fighting       | 1 2 5 7 8 |  8.7
Spellcasting   | 4 5 7 |  7.0
Invocations    | 2 3 5 6 7 |  7.0
Maces & Flails | 1 2 4 6 |  6.0
Dodging        | 6 8 11 | 11.0
Evocations     | 5 |  5.0
Necromancy     | 2 |  2.7
Stealth        | |  2.6
Summonings     | |  1.0
Translocations | |  1.0

Action                   |  1- 3 |  4- 6 |  7- 9 | 10-12 || total
-------------------------+-------+-------+-------+-------++-------
Melee: Dagger            |    57 |    66 |    81 |       ||   204
       Constrict         |    14 |    16 |    42 |    31 ||   103
       Tentacles         |     2 |     8 |    29 |    52 ||    91
       Whip              |       |       |   145 |   385 ||   530
 Cast: Magic Dart        |    17 |    10 |   171 |   260 ||   458
       Call Imp          |    13 |     4 |     7 |    39 ||    63
       Conjure Flame     |       |       |    10 |    26 ||    36
       Mephitic Cloud    |       |       |     8 |    32 ||    40
       Blink             |       |       |     2 |     6 ||     8
Invok: Stomp             |       |       |       |     2 ||     2
Evoke: Wand              |       |       |     5 |     5 ||    10
  Use: Scroll            |       |       |    19 |    10 ||    29
       Potion            |       |       |     2 |     1 ||     3
 Stab: Sleeping          |    11 |     4 |    12 |     5 ||    32
       Paralysed         |       |       |     9 |    17 ||    26
       Confused          |       |       |       |     7 ||     7
       Distracted        |       |       |       |     1 ||     1
  Eat: Ration            |     2 |       |       |     2 ||     4
       Chunk             |     1 |     3 |    18 |    17 ||    39
Armor: Skin              |     4 |       |    20 |    35 ||    59
Dodge: Dodged            |    37 |    38 |   160 |   336 ||   571

Table legend:
 A = Non-vault XP
 B = Vault XP
 C = Vault XP percentage of total XP
 D = Non-vault monster count
 E = Vault monster count
 F = Vault count percentage of total count
                 A         B        C        D         E       F
            +---------+---------+-------+---------+---------+-------
      Total |   17045 |    6777 |  28.4 |     237 |      38 |  13.8
            +---------+---------+-------+---------+---------+-------
        D:1 |       8 |       7 |  46.7 |       6 |       4 |  40.0
        D:2 |      62 |       0 |   0.0 |      30 |       0 |   0.0
        D:3 |      46 |       0 |   0.0 |       6 |       0 |   0.0
        D:4 |     556 |       1 |   0.2 |      19 |       1 |   5.0
        D:5 |     897 |     211 |  19.0 |      21 |       2 |   8.7
        D:6 |     671 |       0 |   0.0 |      24 |       0 |   0.0
        D:7 |    1224 |       0 |   0.0 |      24 |       0 |   0.0
        D:8 |    1065 |    1844 |  63.4 |      27 |      12 |  30.8
        D:9 |    1925 |    1067 |  35.7 |      24 |       2 |   7.7
     Lair:1 |    3508 |    1035 |  22.8 |      20 |       7 |  25.9
     Lair:2 |    4334 |    1084 |  20.0 |      20 |       2 |   9.1
     Lair:3 |    1942 |       0 |   0.0 |      11 |       0 |   0.0
     Lair:4 |     807 |     190 |  19.1 |       5 |       1 |  16.7
      IceCv |       0 |    1338 | 100.0 |       0 |       7 | 100.0
            +---------+---------+-------+---------+---------+-------
